 Dungeon Crawl Stone Soup version 0.24.1-1-gd1d2a07e1b (webtiles) character file.

Game seed: 7238211695722596457, levelgen mode: deterministic

28 Descartes the Skirmisher (level 3, -1/30 HPs)
             Began as a Formicid Abyssal Knight on Apr 10, 2020.
             Was a Follower of Lugonu.
             Slain by a worm (6 damage)
             ... on level 2 of the Dungeon.
             The game lasted 00:01:41 (1102 turns).

Descartes the Skirmisher (Formicid Abyssal Knight)  Turns: 1102, Time: 00:01:42

Health: -1/30      AC:  9    Str: 17    XL:     3   Next: 27%
Magic:  5/5        EV:  7    Int: 11    God:    Lugonu [*.....]
Gold:   60         SH:  0    Dex: 10    Spells: 2/2 levels left

rFire    + . .     SeeInvis +   a - +1 hand axe
rCold    + . .     Gourm    .   (no shield)
rNeg     . . .     Faith    .   d - +0 chain mail
rPois    .         Spirit   .   (helmet unavailable)
rElec    .         Reflect  .   l - scarf {rC+ rF+}
rCorr    .         Harm     .   (no gloves)
MR       .....                  (no boots)
Stlth    ..........             (no amulet)
HPRegen  0.10/turn              (no ring)
MPRegen  0.09/turn              (no ring)

@: no status effects
A: permanent stasis, dig shafts and tunnels, four strong arms, antennae 3
a: Dig, Shaft Self, Depart the Abyss, Renounce Religion


You were on level 2 of the Dungeon.
You worshipped Lugonu.
Lugonu was aware of your devotion.
You were hungry.

You visited 1 branch of the dungeon, and saw 2 of its levels.
You visited the Abyss 1 time.

You collected 60 gold pieces.

Inventory:

Hand Weapons
 a - a +1 hand axe (weapon)
Missiles
 e - 31 stones (quivered)
Armour
 b - a +0 leather armour
 d - a +0 chain mail (worn)
 l - a scarf of resistance (worn)
Scrolls
 f - a scroll of enchant armour {unknown}
 h - 3 scrolls of amnesia {unknown}
 i - 2 scrolls of identify {unknown}
 k - a scroll of remove curse {unknown}
Potions
 g - a potion of magic {unknown}
 j - a potion of flight {unknown}
Comestibles
 c - 2 rations
 m - 4 chunks of flesh


   Skills:
 + Level 3.9 Fighting
 - Level 2.0 Axes
 + Level 2.8 Armour
 - Level 0.8 Dodging
 + Level 2.9 Invocations


You had 2 spell levels left.
You didn't know any spells.
Your spell library was empty.

Dungeon Overview and Level Annotations

Branches:
Dungeon (2/15)

Altars:


Innate Abilities, Weirdness & Mutations

You cannot be hasted, slowed, berserked, paralysed or teleported.
You can dig through walls and to a lower floor.
Your four strong arms can wield two-handed weapons with a shield.
You have a pair of large antennae on your head. (SInv)


Message History

The jackal bites you but does no damage.
The worm bites you but does no damage. The jackal barely misses you.
The jackal bites you. The worm bites you but does no damage.
Unknown command.
The jackal bites you but does no damage. x2
The jackal bites you but does no damage.
The worm bites you but does no damage. The jackal bites you.
Unknown command.
The jackal bites you but does no damage.
The worm bites you.
* * * LOW HITPOINT WARNING * * *
The jackal bites you but does no damage.
The jackal barely misses you. The worm bites you but does no damage.
The jackal barely misses you. The jackal bites you.
* * * LOW HITPOINT WARNING * * *
Unknown command.
The jackal bites you but does no damage.
The worm bites you.
You die...

. .. .# ..#. #
.....
#.#########......
#..<..)..@w..#
#..####..h...#
#....#.........#
##.............#
#...#.##......#
#..... ..######
#.... ##.# #.#.
#.# #. ..#


You could see a worm and a jackal.

Vanquished Creatures
  An ooze (D:1)
  A bat (D:1)
  3 giant cockroaches (D:1)
  A goblin (D:2)
  3 hobgoblins (D:1)
  3 jackals (D:2)
  A quokka (D:2)
  A frilled lizard (D:2)
  5 kobolds (D:1)
  2 rats (D:1)
21 creatures vanquished.

Notes
Turn   | Place    | Note
-------+----------+-------------------------------------------
     0 | Abyss:1  | Descartes the Formicid Abyssal Knight began the quest for
                  | the Orb.
     0 | Abyss:1  | Reached XP level 1. HP: 18/18 MP: 2/2
    56 | D:1      | Escaped the Abyss
   164 | D:1      | Reached XP level 2. HP: 23/24 MP: 3/3
   485 | D:1      | Reached XP level 3. HP: 27/30 MP: 5/5
  1102 | D:2      | Slain by a worm

Levels and vault maps discovered:
D:1:      dpeg_arrival_refuge, layout_basic
D:2:      layout_loops_cross, uniq_jessica, uniq_terence,
          uniq_crazy_yiuf_cottage

Action                   || total
-------------------------++-------
Melee: Hand axe          ||    66
Armor: Chain mail        ||    73
Dodge: Dodged            ||    50
